 Dungeon Crawl Stone Soup version 0.29-a0-653-gd47aff6735 (webtiles) character file.

Game seed: 563729772820311563

136 DocClef the Skirmisher (level 5, -3/46 HPs)
             Began as a Formicid Fighter on June 21, 2022.
             Killed by divine providence
             ... invoked by an orc priest
              (14 damage)
             ... on level 3 of the Dungeon.
             The game lasted 00:02:10 (2858 turns).

DocClef the Skirmisher (Formicid Fighter)           Turns: 2858, Time: 00:02:11

Health: -3/46      AC:  4    Str: 23    XL:     5   Next: 43%
Magic:  5/5        EV:  9    Int:  7    God:
Gold:   185        SH:  4    Dex: 11    Spells: 4/4 levels left

rFire   . . .      SeeInvis +   a - +0 war axe
rCold   . . .      Faith    .   c - +0 buckler
rNeg    . . .      Spirit   .   b - +1 scale mail
rPois   .          Reflect  .   (helmet unavailable)
rElec   .          Harm     .   (no cloak)
rCorr   .          Rampage  .   (no gloves)
Will    .....                   (no boots)
Stlth   +.........              (no amulet)
HPRegen 0.15/turn               (no ring)
MPRegen 0.09/turn               (no ring)

@: no status effects
A: permanent stasis, dig shafts and tunnels, antennae 3, four strong arms,
camouflage 1, clumsy 1, deformed body, sense surroundings 1
a: Dig, Shaft Self


You were on level 3 of the Dungeon.
You visited 1 branch of the dungeon, and saw 3 of its levels.

You collected 185 gold pieces.

Inventory:

Hand Weapons
 a - a +0 war axe (weapon)
Missiles
 i - 2 throwing nets
Armour
 b - a +1 scale mail (worn)
 c - a +0 buckler (worn)
Scrolls
 e - a scroll of fog {unknown}
 g - 2 scrolls of identify
 j - a scroll of vulnerability {unknown}
 l - 2 scrolls of silence {unknown}
Potions
 d - a potion of might
 f - 2 potions of degeneration
 h - 4 potions of curing
 k - 3 potions of flight {unknown}


   Skills:
 + Level 6.3 Fighting
 - Level 2.0 Axes
 - Level 3.2 Armour
 - Level 4.0 Shields


You had 4 spell levels left.
You didn't know any spells.
Your spell library contained the following spells:

 Spells                   Type           Power      Damage    Failure   Level
 Beastly Appendage        Tmut           0%         N/A       82%         1
 Foxfire                  Conj/Fire      0%         2x1d4     82%         1
 Slow                     Hex            0%         N/A       82%         1
 Ensorcelled Hibernation  Hex/Ice        0%         N/A       91%         2
 Wereblood                Tmut           0%         N/A       91%         2
 Confusing Touch          Hex            0%         N/A       99%         3
 Conjure Flame            Conj/Fire      0%         6-21      99%         3
 Frozen Ramparts          Ice            0%         1d2       99%         3
 Inner Flame              Hex/Fire       0%         N/A       99%         3
 Spider Form              Tmut/Pois      0%         N/A       99%         3
 Vampiric Draining        Necr           0%         2d6       99%         3
 Anguish                  Hex/Necr       0%         N/A       100%        4
 Flame Wave               Conj/Fire      0%         2d4       100%        4
 Ice Form                 Ice/Tmut       0%         N/A       100%        4
 Summon Ice Beast         Ice/Summ       0%         N/A       100%        4


Dungeon Overview and Level Annotations

Branches:
Dungeon (3/15)

Altars:

Shops:
D:2 (   D:3 (


Innate Abilities, Weirdness & Mutations

You cannot be hasted, slowed, berserked, paralysed or teleported.
You can dig through walls and to a lower floor.
You have a pair of large antennae on your head. (SInv)
Your four strong arms can wield two-handed weapons with a shield.
Your skin changes colour to match your surroundings (Stealth+).
You are clumsy. (Dex -2)
Armour fits poorly on your strangely shaped body.
You passively map a small area around you.


Message History

Your Fighting skill increases to level 6!
You completely miss the orc.
The orc priest looks braver for a moment.
The orc completely misses you.
You barely miss the orc. The orc hits you with a +0 dagger. x2
You slash the orc!
You kill the orc!
You barely miss the orc. The orc closely misses you.
You closely miss the orc. You block the orc's attack.
The orc hits you with a +0 short sword.
You are too injured to fight recklessly!
You are too injured to fight recklessly!
You are too injured to fight recklessly!
You are too injured to fight recklessly!
You are too injured to fight recklessly!
You are too injured to fight recklessly!
You barely miss the orc.
The orc priest looks satisfied for a moment.
The orc barely misses you.
You completely miss the orc. The orc hits you with a +0 short sword.
The orc hits you but does no damage.
You hit the orc.
The orc is severely wounded.
The orc closely misses you.
You slash the orc!
You kill the orc!
The orc priest hits you with a +0 war axe.
You hit the orc priest.
The orc priest is moderately wounded.
The orc priest hits you with a +0 war axe!
* * * LOW HITPOINT WARNING * * *
You closely miss the orc priest.
The orc priest is moderately wounded.
The orc priest looks braver for a moment.
You hit the orc priest.
The orc priest is severely wounded.
You block the orc priest's attack.
The orc priest calls down the wrath of Beogh upon you.
Beogh smites you!
You die...

,,
#.........###########
#...................#
*
#.........#########.#
# , #.........#
#†#### , #.#########
##.##). #.#
##########...... #.#
, ...........####. ,
#.#.#############..#
## #.#...o@.# #..# ##
* #.#..###.#, * #..#
#. * #.# #.#
.#..####. , * #.# *
.......†. #.#
#######.. * * #.#
#...... , #.# *
#.###.. * * #######.#
#.# ##. #.......# #.#
##


You could see an orc priest.

Vanquished Creatures
  An orc priest (D:3)
  An orc wizard (D:2)
  2 adders (D:2)
  5 worms
  7 orcs
  6 ball pythons
  3 endoplasms
  2 goblins
  2 hobgoblins (D:2)
  2 quokkas (D:2)
  3 bats (D:2)
  2 frilled lizards
  7 kobolds
  A rat (D:1)
44 creatures vanquished.

Notes
Turn   | Place    | Note
-------+----------+-------------------------------------------
     0 | D:1      | DocClef the Formicid Fighter began the quest for the Orb.
     0 | D:1      | Reached XP level 1. HP: 18/18 MP: 1/1
   183 | D:1      | Found a faded altar of an unknown god.
   302 | D:1      | Reached XP level 2. HP: 21/25 MP: 2/2
   799 | D:2      | Reached skill level 4 in Fighting
   944 | D:2      | Gained mutation: You are clumsy. (Dex -2) [potion of
                  | mutation]
   944 | D:2      | Gained mutation: Your skin changes colour to match your
                  | surroundings (Stealth+). [potion of mutation]
   944 | D:2      | Gained mutation: Armour fits poorly on your strangely
                  | shaped body. [potion of mutation]
   944 | D:2      | Gained mutation: You passively map a small area around you.
                  | [potion of mutation]
  1532 | D:2      | Reached XP level 3. HP: 19/29 MP: 3/3
  1648 | D:2      | Found Loty's Antique Weapon Shop.
  2065 | D:2      | Reached skill level 5 in Fighting
  2226 | D:2      | Reached XP level 4. HP: 39/39 MP: 4/4
  2683 | D:3      | Reached XP level 5. HP: 37/46 MP: 5/5
  2741 | D:3      | Found Kiwy Ricen's Weapon Shop.
  2847 | D:3      | Reached skill level 6 in Fighting
  2858 | D:3      | Killed from afar by an orc priest

Illustrated notes

Levels and vault maps discovered:
D:1:      shiori_arrival_elements, layout_basic, ebering_ecumenical_altar_rust
D:2:      kb_forest_paths, layout_loops_ring, serial_shops,
          nicolae_shop_statue_plus
D:3:      layout_basic, serial_shops, nicolae_shop_bloodbath_and_beyond,
          minmay_bisected

Skill      XL: |  1  2  3  4  5 |
---------------+----------------+-----
Fighting       | 4 5 6 |  6.3
Axes           | |  2.0
Armour         | |  3.2
Shields        | |  4.0

Action                   |  1- 3 |  4- 6 || total
-------------------------+-------+-------++-------
Melee: War axe           |    90 |    40 ||   130
  Use: Scroll            |     3 |       ||     3
       Potion            |     2 |       ||     2
Armor: Scale mail        |    40 |     9 ||    49
Dodge: Dodged            |    41 |    16 ||    57
Block: Buckler           |    22 |     9 ||    31

Table legend: (Time is in decaauts)
 A = Elapsed time spent in this place.
 B = Non-inter-level travel time spent in this place.
 C = Inter-level travel time spent in this place.
 D = Time resting spent in this place.
 E = Time spent auto-exploring this place.
 F = Levels seen in this place.
 G = Mean time per level.
                   A        B        C        D        E       F      G
               +--------+--------+--------+--------+--------+-----+--------+
         Total |   2912 |   2847 |     65 |    582 |   1916 |   3 |  970.7 |
       Dungeon |   2912 |   2847 |     65 |    582 |   1916 |   3 |  970.7 |
               +--------+--------+--------+--------+--------+-----+--------+

Top non-repeatable levels by time:
     D:2: 1871 daAuts
     D:1: 802 daAuts
     D:3: 238 daAuts
